 Dungeon Crawl Stone Soup version 0.29-a0-214-g17f627cfee (webtiles) character file.

Game seed: 4001677992590174875

97 mcwallace the Chiller (level 4, -6/33 HPs)
             Began as a Merfolk Ice Elementalist on Feb 25, 2022.
             Mangled by Terence
             ... wielding a +2 hand axe of freezing
              (10 damage)
             ... on level 3 of the Dungeon.
             The game lasted 00:04:36 (3115 turns).

mcwallace the Chiller (Merfolk Ice Elementalist)    Turns: 3115, Time: 00:04:36

Health: -6/33      AC:  2    Str:  8    XL:     4   Next: 68%
Magic:  5/8        EV: 13    Int: 16    God:
Gold:   63         SH:  0    Dex: 14    Spells: 4/8 levels left

rFire   . . .      SeeInvis .   o - +2 mace (drain) {mace}
rCold   . . .      Faith    .   (no shield)
rNeg    . . .      Spirit   .   a - +0 robe
rPois   .          Reflect  .   (no helmet)
rElec   .          Harm     .   (no cloak)
rCorr   .          Rampage  .   (no gloves)
Will    .....                   (no boots)
Stlth   ++........              (no amulet)
HPRegen 0.11/turn               (no ring)
MPRegen 0.11/turn               (no ring)

@: no status effects
A: (nimble swimmer 2), mertail
a: no special abilities


You were on level 3 of the Dungeon.
You visited 1 branch of the dungeon, and saw 3 of its levels.

You collected 63 gold pieces.


Innate Abilities, Weirdness & Mutations

((You are very nimble when in or above water. (Stealth+, EV+, Speed+++)))
Your lower body shifts to a powerful aquatic tail in water.


   Skills:
 + Level 2.0 Fighting
 + Level 3.9 Dodging
 - Level 2.1 Stealth
 + Level 2.7 Spellcasting
 + Level 5.0 Ice Magic


You had 4 spell levels left.
You knew the following spells:

 Your Spells              Type           Power      Damage    Failure   Level
a - Freeze                Ice            72%        1d9       2%          1
b - Frozen Ramparts       Ice            36%        1d5       8%          3

Your spell library contained the following spells:

 Spells                   Type           Power      Damage    Failure   Level
 Ozocubu's Armour         Ice            18%        N/A       8%          3
 Hailstorm                Conj/Ice       10%        3d5       56%         4

Inventory:

Hand Weapons
 c - a +0 dagger {short}
   (You took it off a goblin on level 1 of the Dungeon)
 e - a +0 whip {mace}
   (You took it off a kobold on level 1 of the Dungeon)
 o - a +2 mace of draining (weapon) {mace}
   (You found it on level 2 of the Dungeon)
Missiles
 b - 57 stones {throwing}
 h - 2 poisoned darts {throwing}
Armour
 a - a +0 robe (worn)
 i - a +0 robe
   (You found it on level 1 of the Dungeon)
 m - a +0 leather armour
   (You found it on level 2 of the Dungeon)
Scrolls
 d - 2 scrolls of teleportation {unknown}
 p - a scroll of acquirement {unknown}
 q - a scroll of identify {unknown}
 r - a scroll of blinking {unknown}
 s - a scroll of enchant armour {unknown}
Potions
 f - 2 potions of curing {unknown}
 g - a potion of invisibility {unknown}
 j - a potion of heal wounds {unknown}
 k - a potion of lignification {unknown}
 l - 2 potions of attraction {unknown}
 n - a potion of might

Dungeon Overview and Level Annotations

Branches:
Dungeon (3/15)

Altars:

Portals:
Sewer: D:3

Annotations:
D:3 Terence

#.......###..... ###
#...<...........
....#.##....###.....
.............# ...
.....####..#.# #
.....####..#.##
..............#
.......†######...
.....##@r≈†≈∩#.#.
......)#@≈≈≈≈# #
....... .≈≈≈≈#
....... ?.≈≈≈#
....... ...≈≈#
....... .......
...:... #######
.......


You could see Terence and a rat.


Message History

You take 1 damage, and now have 31/33 hp.
You lost 3 mp, and now have 4/7 mp.
You barely miss the adder.
You feel sick.
The wall freezes the adder.
The adder seems to slow down.
The adder bites you but does no damage.
The wall freezes the adder.
The adder bites you. 😮 HP[-7]
You take 7 damage, and now have 24/33 hp.
MASSIVE DAMAGE!! (PAUSE)
You hit the adder.
You kill the adder!
You feel sick.
You are no longer poisoned. 😮 HP[-1]
You take 1 damage, and now have 23/33 hp.
The frozen ramparts melt away.
You see here an adder corpse.
Found a stone staircase leading down. 😎 HP[+10] MP[+3]
Your hp is fully restored (33).
Your mp is fully restored (7).
You now have 63 gold pieces (gained 8).
s - a scroll labelled TIEMUOT EKIQAI
There is a stone staircase leading down here.
There is a stone staircase leading down here.
Found a stone staircase leading down.
There is a stone staircase leading down here.
You see here a +0 dagger {short}.
You see here a +0 club {mace}.
You see here a +0 club {mace}.
Done exploring.
Done exploring.
There is a stone staircase leading down here.
Okay, then.
You climb downwards.
You hear the sound of rushing water.
There is an entrance to a sewer on this level.
Hurry and find it before the portal rusts away!
Found a stone staircase leading up.
There is a stone staircase leading up here.
Found an escape hatch in the floor.
Terence the Incautious comes into view.
He is wielding a +2 hand axe of freezing. 2 giant cockroaches, a river rat, 2 rats and an orc come into view.
Found the Papyrus of the Mutagenic Birds.
Found a glowing drain.
Terence shouts!
Terence says, "Don't bother to defend, it's senseless."
Casting: Frozen Ramparts (quite dangerous; 8% risk of failure)
Confirm with . or Enter, or press ? or * to list all spells.
The spell is quite dangerous to miscast (8% risk of failure)!
Continue anyway?
Casting: Frozen Ramparts (quite dangerous; 8% risk of failure)
Press: ? - help, Dir - look around, f - activate The walls around you are covered in ice.
The wall freezes the giant cockroach. 😎 MP[-3]
You lost 3 mp, and now have 4/7 mp.
You barely miss the giant cockroach.
The wall freezes the giant cockroach.
The giant cockroach bites you.
The wall freezes the giant cockroach.
You kill the giant cockroach!
The wall freezes the giant cockroach.
The giant cockroach closely misses you. 😕 HP[-1]
You take 1 damage, and now have 32/33 hp.
You hit the giant cockroach.
You kill the giant cockroach!
The wall freezes Terence.
The wall freezes the river rat.
The wall freezes the rat.
You kill the rat!
The wall freezes the river rat.
Your Fighting skill increases to level 2! 😎 HP[+1]
Your hp is fully restored (33).
You barely miss the river rat.
The wall freezes Terence.
Terence closely misses you.
The wall freezes the orc.
The orc closely misses you.
The wall freezes Terence.
Terence closely misses you.
The wall freezes the river rat.
You kill the river rat!
Your Ice Magic skill increases to level 5!
You closely miss Terence.
The wall freezes the orc.
You kill the orc!
The wall freezes Terence.
Terence hits you with a +2 hand axe of freezing!
Terence freezes you.
The wall freezes the rat.
The rat closely misses you. 😕 HP[-8]
You take 8 damage, and now have 25/33 hp.
MASSIVE DAMAGE!! (PAUSE)
You closely miss Terence.
The wall freezes Terence.
Terence hits you with a +2 hand axe of freezing!
* * * LOW HITPOINT WARNING * * *
Terence freezes you.
* * * LOW HITPOINT WARNING * * *
The wall freezes the rat.
The rat splashes around in the water.
The wall freezes Terence.
Terence hits you with a +2 hand axe of freezing!
* * * LOW HITPOINT WARNING * * *
Terence freezes you.
* * * LOW HITPOINT WARNING * * *
😱 HP[-20]
You take 20 damage, and now have 5/33 hp.
MASSIVE DAMAGE!! (PAUSE)
You closely miss Terence.
The frozen ramparts melt away.
The rat bites you.
* * * LOW HITPOINT WARNING * * *
Terence hits you with a +2 hand axe of freezing!
You die...

Skill      XL: |  1  2  3  4 |
---------------+-------------+-----
Dodging        | 3 |  3.9
Fighting       | 1 2 |  2.0
Ice Magic      | 5 |  5.0
Stealth        | |  2.1
Spellcasting   | |  2.7

Action                   |  1- 3 |  4- 6 || total
-------------------------+-------+-------++-------
Melee: Dagger            |    45 |       ||    45
       Mace              |    13 |    18 ||    31
       Punch             |     1 |       ||     1
 Cast: Freeze            |    39 |     2 ||    41
       Frozen Ramparts   |     4 |     3 ||     7
 Stab: Sleeping          |     3 |     1 ||     4
Armor: Robe              |     9 |     2 ||    11
Dodge: Dodged            |    44 |    14 ||    58

Levels and vault maps discovered:
D:1:      dpeg_arrival_signposts, layout_basic
D:2:      layout_loops_cross
D:3:      layout_basic, hellmonk_ecumenical_altar_leap_of_faith,
          portal_sewer_entry_b, hangedman_feature_mirror, uniq_terence

Notes
Turn   | Place    | Note
-------+----------+-------------------------------------------
     0 | D:1      | mcwallace the Merfolk Ice Elementalist began the quest for
                  | the Orb.
     0 | D:1      | Reached XP level 1. HP: 13/13 MP: 3/3
     0 | D:1      | magus.rc [v1.9.6]
   343 | D:1      | Reached XP level 2. HP: 20/20 MP: 3/5
   428 | D:1      | Reached skill level 3 in Dodging
   742 | D:1      | Reached skill level 1 in Fighting
  1418 | D:2      | HP: 4/21 [worm (7)]
  1670 | D:2      | Reached XP level 3. HP: 25/26 MP: 0/6
  2078 | D:1      | Learned a level 3 spell: Frozen Ramparts
  2520 | D:2      | Reached XP level 4. HP: 33/33 MP: 4/7
  3106 | D:3      | Noticed Terence
  3107 | D:3      | Found a glowing drain.
  3112 | D:3      | Reached skill level 2 in Fighting
  3113 | D:3      | Reached skill level 5 in Ice Magic
  3114 | D:3      | HP: 6/33 [Terence/+2 hand axe of freezing (7)]
  3115 | D:3      | Mangled by Terence

Vanquished Creatures
  3 adders (D:2)
  A river rat (D:3)
  4 worms (D:2)
  An orc (D:3)
  4 endoplasms
  3 giant cockroaches
  4 hobgoblins
  5 jackals (D:1)
  A quokka (D:1)
  2 ball pythons (D:1)
  3 bats (D:1)
  6 frilled lizards
  8 goblins
  2 kobolds
  2 rats
49 creatures vanquished.

Table legend:
 A = Non-vault XP
 B = Vault XP
 C = Vault XP percentage of total XP
 D = Non-vault monster count
 E = Vault monster count
 F = Vault count percentage of total count
                 A         B        C        D         E       F
            +---------+---------+-------+---------+---------+-------
      Total |     121 |      18 |  12.9 |      45 |       4 |   8.2
            +---------+---------+-------+---------+---------+-------
        D:1 |      30 |       0 |   0.0 |      20 |       0 |   0.0
        D:2 |      88 |       0 |   0.0 |      24 |       0 |   0.0
        D:3 |       3 |      18 |  85.7 |       1 |       4 |  80.0
            +---------+---------+-------+---------+---------+-------

Illustrated notes

Table legend:
 A = Kills in this place as a percentage of kills in entire the game.
 B = Kills by you in this place as a percentage of kills by you in the entire game.
 C = Kills by friends in this place as a percentage of kills by friends in the entire game.
 D = Other kills in this place as a percentage of other kills in the entire game.
 E = Experience gained in this place as a percentage of experience gained in the entire game.
 F = Experience gained in this place divided by the number of levels of this place that you have seen.
                   A       B       C       D       E      F
               +-------+-------+-------+-------+-------+----------------------
         Total | 100.0 | 100.0 |   N/A |   N/A | 100.0 |  46.3
       Dungeon | 100.0 | 100.0 |   N/A |   N/A | 100.0 |  46.3
               +-------+-------+-------+-------+-------+----------------------

Table legend: (Time is in decaauts)
 A = Elapsed time spent in this place.
 B = Non-inter-level travel time spent in this place.
 C = Inter-level travel time spent in this place.
 D = Time resting spent in this place.
 E = Time spent auto-exploring this place.
 F = Levels seen in this place.
 G = Mean time per level.
                   A        B        C        D        E       F      G
               +--------+--------+--------+--------+--------+-----+--------+
         Total |   3129 |   3051 |     78 |    577 |   2029 |   3 | 1043.0 |
       Dungeon |   3129 |   3051 |     78 |    577 |   2029 |   3 | 1043.0 |
               +--------+--------+--------+--------+--------+-----+--------+

Top non-repeatable levels by time:
     D:1: 1893 daAuts
     D:2: 1212 daAuts
     D:3: 23 daAuts
